 Dungeon Crawl Stone Soup version 0.27-a0-860-gaf99fae3ca (webtiles) character file.

Game seed: 5844970931769791083

60 leviel the Shield-Bearer (level 4, -1/29 HPs)
             Began as a Gargoyle Fighter on Apr 1, 2021.
             Slain by an orc priest
             ... wielding a +0 whip
              (5 damage)
             ... on level 3 of the Dungeon.
             The game lasted 00:01:48 (1976 turns).

leviel the Shield-Bearer (Gargoyle Fighter)         Turns: 1976, Time: 00:01:48

Health: -1/29      AC: 10    Str: 21    XL:     4   Next: 4%
Magic:  4/4        EV:  7    Int:  8    God:
Gold:   104        SH:  9    Dex:  9    Spells: 3/3 levels left

rFire    . . .     SeeInvis .   a - +0 long sword
rCold    . . .     Faith    .   c - +0 kite shield
rNeg     + . .     Spirit   .   b - +0 scale mail
rPois    ∞         Reflect  .   (no helmet)
rElec    +         Harm     .   (no cloak)
rCorr    .         Rampage  .   (no gloves)
Will     .....                  (no boots)
Stlth    ..........             (no amulet)
HPRegen  0.09/turn              (no ring)
MPRegen  0.09/turn              (no ring)

@: mighty
A: AC +3, negative energy resistance 1, electricity resistance, torment
resistance 1, unbreathing 1, petrification resistance
a: no special abilities


You were on level 3 of the Dungeon.
You visited 1 branch of the dungeon, and saw 3 of its levels.

You collected 104 gold pieces.

Inventory:

Hand Weapons
 a - a +0 long sword (weapon)
Armour
 b - a +0 scale mail (worn)
 c - a +0 kite shield (worn)
Jewellery
 e - an amulet of magic regeneration
Wands
 l - a wand of mindburst (8)
Scrolls
 f - a scroll of immolation {unknown}
 h - a scroll of vulnerability {unknown}
 i - 3 scrolls of identify {unknown}
 k - a scroll of teleportation {unknown}
Potions
 d - a potion of might
 g - a potion of attraction {unknown}
 j - a potion of curing {unknown}


   Skills:
 + Level 3.9 Fighting
 + Level 2.3 Long Blades
 + Level 3.8 Armour
 + Level 3.9 Shields


You had 3 spell levels left.
You didn't know any spells.
Your spell library was empty.

Dungeon Overview and Level Annotations

Branches:
Dungeon (3/15)

Altars:

Shops:
D:3 (


Innate Abilities, Weirdness & Mutations

Your stone body is resilient. (AC +3)
You are immune to poison.
You resist negative energy. (rN+)
You are resistant to electric shocks. (rElec)
You are resistant to unholy torment.
You can survive without breathing.
You are immune to petrification.


Message History

You are too injured to fight recklessly!
You are too injured to fight recklessly!
You are too injured to fight recklessly!
You are too injured to fight recklessly!
Unknown command.
The orc priest begins to cast a cantrip, but forgets the words!
Your shield and scale mail prevent you from hitting the orc.
You block the orc's attack.
Okay, then.
You feel very mighty all of a sudden. The orc hits you but does no damage.
You hit the orc.
The orc is heavily wounded.
The orc hits you with a +0 short sword.
* * * LOW HITPOINT WARNING * * *
The orc hits you but does no damage.
You slash the orc!
You kill the orc!
The orc hits you but does no damage.
You have reached level 4!
You feel stronger.
You barely miss the orc. You block the orc's attack.
You slash the orc!
You kill the orc!
You barely miss the orc priest.
The orc priest casts a cantrip, but nothing happens.
The orc priest hits you but does no damage.
You barely miss the orc priest.
The orc priest calls down the wrath of Beogh upon you.
Pain shoots through your body!
* * * LOW HITPOINT WARNING * * *
You closely miss the orc priest. You block the orc priest's attack. x2
You slash the orc priest!
The orc priest is severely wounded.
You block the orc priest's attack.
You closely miss the orc priest.
The orc priest is severely wounded.
The orc priest hits you but does no damage.
The orc priest hits you with a +0 whip.
You die...

###################
#oo@..............#
#o###########.∩...##
#.# #...#.#. #o#
#####.#. #.# #.#.
#o# #.#. .o. ##.#.
... #.... ##. #.)..


You could see an orc priest and 2 orcs.

Vanquished Creatures
  3 worms (D:2)
  2 dart slugs
  2 orcs (D:3)
  A ball python (D:1)
  4 endoplasms
  2 giant cockroaches
  6 goblins
  6 hobgoblins
  A kobold (D:2)
  3 quokkas
  4 bats
  4 frilled lizards
  4 rats (D:1)
42 creatures vanquished.

Notes
Turn   | Place    | Note
-------+----------+-------------------------------------------
     0 | D:1      | leviel the Gargoyle Fighter began the quest for the Orb.
     0 | D:1      | Reached XP level 1. HP: 14/14 MP: 1/1
   142 | D:1      | Reached XP level 2. HP: 17/19 MP: 2/2
   860 | D:2      | Reached XP level 3. HP: 23/23 MP: 3/3
   989 | D:2      | Found a faded altar of an unknown god.
  1921 | D:3      | Found Imocaeq's Antique Weapon Emporium.
  1970 | D:3      | Reached XP level 4. HP: 9/29 MP: 4/4
  1976 | D:3      | Slain by an orc priest

Illustrated notes

Levels and vault maps discovered:
D:1:      dpeg_arrival_solitude, layout_basic
D:2:      minmay_skewed_foursquare, layout_loops_cross,
          ebering_ecumenical_altar_sacrificial
D:3:      layout_loops_ring, lemuel_tele_altar, serial_shops, shop_coins,
          minmay_close_crescents

Skill      XL: |  1  2 |
---------------+-------+-----
Long Blades    | 2 |  2.3
Fighting       | |  3.9
Armour         | |  3.8
Shields        | |  3.9

Action                   |  1- 3 |  4- 6 || total
-------------------------+-------+-------++-------
Melee: Long sword        |   179 |     7 ||   186
  Use: Potion            |     1 |       ||     1
Armor: Scale mail        |   123 |     2 ||   125
Dodge: Dodged            |    78 |       ||    78
Block: Kite shield       |   114 |     4 ||   118
       Rpst.: Long sword |    30 |       ||    30

Table legend: (Time is in decaauts)
 A = Elapsed time spent in this place.
 B = Non-inter-level travel time spent in this place.
 C = Inter-level travel time spent in this place.
 D = Time resting spent in this place.
 E = Time spent auto-exploring this place.
 F = Levels seen in this place.
 G = Mean time per level.
                   A        B        C        D        E       F      G
               +--------+--------+--------+--------+--------+-----+--------+
         Total |   2073 |   2009 |     64 |     70 |   1549 |   3 |  691.0 |
       Dungeon |   2073 |   2009 |     64 |     70 |   1549 |   3 |  691.0 |
               +--------+--------+--------+--------+--------+-----+--------+

Top non-repeatable levels by time:
     D:2: 1056 daAuts
     D:1: 867 daAuts
     D:3: 148 daAuts
